 Dungeon Crawl Stone Soup version 0.20.1-1-g8b1a95d (webtiles) character file.

263599 Firecrotchwizard the Warrior (level 19, -1/181 HPs)
             Began as a Minotaur Fighter on Oct 15, 2017.
             Was the Champion of Okawaru.
             Slain by a frost giant
             ... wielding a +1 battleaxe of freezing
              (5 damage)
             ... while paralysed by a great orb of eyes
             ... on level 2 of the Vaults on Oct 16, 2017.
             The game lasted 02:27:16 (38765 turns).

Firecrotchwizard the Warrior (Minotaur Fighter)    Turns: 38765, Time: 02:27:17

Health: -1/181     AC: 43    Str: 21    XL:     19   Next: 25%
Magic:  31/33      EV:  2    Int: 16    God:    Okawaru [******]
Gold:   1294       SH:  0    Dex: 18    Spells: 18/18 levels left

rFire    . . .     SeeInvis +   S - +8 eveningstar (flame)
rCold    . . .     Gourm    .   Z - +2 shield {rPois}
rNeg     + . .     Faith    .   c - +8 orange crystal plate armour {Archmagi, Int+3 Clar}
rPois    +         Spirit   .   g - +1 hat "Xaituv" {Regen+ Stlth+}
rElec    .         Reflect  .   i - +2 cloak
rCorr    .         Harm     .   V - +0 pair of gloves "Inimionu" {MR+ Int+8 Dex-3}
MR       +....     Clarity  +   p - +1 pair of boots {run}
Stlth    ..........             K - macabre finger necklace {rN+}
Regen    0.8/turn               t - +6 ring of evasion
MPRegen  0.3/turn               h - ring of Etusch {+Inv MR- MP+9 EV+5 Dex+3}
                                B - ring of see invisible {sInv, !d}

@: paralysed, quick
A: retaliatory headbutt, horns 2
}: 2/15 runes: serpentine, barnacled
a: Heroism, Finesse, Renounce Religion, Evoke Invisibility


You were on level 2 of the Vaults.
You worshipped Okawaru.
Okawaru was exalted by your worship.
You were not hungry.

You visited 7 branches of the dungeon, and saw 34 of its levels.
You also visited: Labyrinth and Volcano.

You collected 3101 gold pieces.
You spent 1807 gold pieces at shops.

Inventory:

Hand Weapons
 F - the +8 whip "Snakebite" {curare, rPois}
   (Okawaru gifted it to you on level 11 of the Dungeon)

   It poisons the flesh of those it strikes.
   It protects you from poison.
 S - a +8 eveningstar of flaming (weapon)
   (You acquired it on level 2 of the Shoals)
Missiles
 C - 10 throwing nets {=f, !d}
Armour
 b - a +2 hat of magic resistance
   (Okawaru gifted it to you on level 3 of the Lair of Beasts)
 c - the +8 orange crystal plate armour (worn) {Archmagi, Int+3 Clar}
   (Okawaru gifted it to you on level 6 of the Lair of Beasts)

   It affects your intelligence (+3).
   It protects you against confusion.
 g - the +1 hat "Xaituv" (worn) {Regen+ Stlth+}
   (Okawaru gifted it to you on level 4 of the Snake Pit)

   It increases your rate of regeneration.
   It makes you more stealthy.
 i - a +2 cloak (worn)
   (You found it on level 1 of the Dungeon)
 p - a +1 pair of boots of running (worn)
   (You found it in a labyrinth)
 R - a +0 large shield
   (You found it on level 2 of the Shoals)
 T - the +18 shield of the Gong {rElec rN+ MR+ EV-5}
   (Okawaru gifted it to you on level 4 of the Shoals)

   It affects your evasion (-5).
   It insulates you from electricity.
   It protects you from negative energy.
   It affects your resistance to hostile enchantments.
 U - a +1 pair of boots of stealth
   (Okawaru gifted it to you on level 1 of the Vaults)
 V - the +0 pair of gloves "Inimionu" (worn) {MR+ Int+8 Dex-3}
   (You bought it in a shop on level 2 of the Orcish Mines)

   It affects your intelligence (+8).
   It affects your dexterity (-3).
   It affects your resistance to hostile enchantments.
 X - the +3 warlock's mirror {reflect}
   (You bought it in a shop on level 2 of the Orcish Mines)
 Z - a +2 shield of poison resistance (worn)
   (Okawaru gifted it to you on level 4 of the Lair of Beasts)
Magical Staves
 Y - an uncursed staff of power {MP+17, !a}
   (You took it off a naga mage on level 3 of the Snake Pit)
Jewellery
 h - the ring of Etusch (right hand) {+Inv MR- MP+9 EV+5 Dex+3}
   (You found it on level 14 of the Dungeon)

   [ring of evasion]

   It affects your evasion (+5).
   It affects your dexterity (+3).
   It affects your resistance to hostile enchantments.
   It affects your magic capacity (+9).
   It lets you turn invisible.
 r - an uncursed ring of ice {rC+, rF-}
   (You found it on level 3 of the Dungeon)
 t - a +6 ring of evasion (left hand)
   (You took it off a merfolk on level 2 of the Shoals)
 B - a ring of see invisible (on amulet) {sInv, !d}
   (You found it on level 5 of the Dungeon)
 K - the macabre finger necklace (around neck) {rN+}
   (You took it off a minotaur in a labyrinth)

   [amulet of nothing]

   It protects you from negative energy.
 L - an uncursed ring of protection from magic {MR+, !d}
   (You found it on level 1 of the Lair of Beasts)
Scrolls
 a - 4 scrolls of magic mapping {!r}
 l - a scroll of fear
 o - 7 scrolls of identify
 u - 11 scrolls of remove curse
 w - 12 scrolls of teleportation
 A - 2 scrolls of blinking {!r}
 O - 4 scrolls of amnesia
 P - a scroll of summoning
 Q - 2 scrolls of fog
Potions
 j - 3 potions of agility
 k - 6 potions of curing
 n - 7 potions of lignification {!q}
 s - a potion of invisibility
 x - 8 potions of might
 z - 5 potions of brilliance
 G - 3 potions of haste
 I - 2 potions of ambrosia
 J - 5 potions of mutation {!q}
 M - 2 potions of flight
 N - 7 potions of resistance
 W - 3 potions of cancellation
Miscellaneous
 d - a lightning rod (4/4)
   (You found it on level 1 of the Snake Pit)
 D - a fan of gales
   (You found it on level 3 of the Shoals)
Comestibles
 f - 18 bread rations {@e1}
 m - 5 meat rations {@e2}
 q - 22 royal jellies
 v - 23 chunks of flesh {@w0}


   Skills:
 + Level 18.8 Fighting
 - Level 16.0 Maces & Flails
 + Level 18.7 Armour
 + Level 18.8 Dodging
 - Level 15.2 Shields
 - Level 9.0 Invocations
 + Level 8.0 Evocations


You had 18 spell levels left.
You didn't know any spells.

Dungeon Overview and Level Annotations

Branches:
Dungeon (15/15)            Temple (1/1) D:5            Lair (6/6) D:11
 Shoals (4/4) Lair:3        Snake (4/4) Lair:4        Slime (0/5) Lair:6
    Orc (2/2) D:12            Elf (0/3) Orc:2        Vaults (2/5) D:14
 Depths (0/5) D:15
  Crypt: Vaults:2-3

Altars:
Ashenzari
Cheibriados
Dithmenos
Elyvilon
Fedhas
Gozag
Hepliaklqana
Kikubaaqudgha
Makhleb
Nemelex Xobeh
Okawaru
Qazlal
Ru
Sif Muna
Trog
Uskayaw
Vehumet
Xom
Zin
The Shining One
Beogh
Jiyva
Lugonu

Shops:
D:8 [([=*   D:14 (   Orc:2 :([!   Shoals:1 %   Shoals:2 [   Shoals:3 =:*%
Shoals:4 :   Snake:4 ==}

Annotations:
D:3 exclusion: door
Shoals:1 exclusion: oklob plant


Innate Abilities, Weirdness & Mutations

You reflexively headbutt those who attack you in melee.
You have a pair of horns on your head.


Message History

The orc priest shouts!
The yaktaur unwields an uncursed spear.
The yaktaur wields an arbalest.
The yaktaur shoots a bolt.
The bolt misses you.
An orc priest and an orc knight come into view.
There is an open door here.
The orc priest shouts!
The orc priest invokes the aid of Beogh against you.
Beogh smites you!
A frost giant comes into view. It is wielding a battleaxe of freezing.
You take 14 damage, and have 167/181 hp.
The frost giant shouts!
The frost giant points at you and mumbles some strange words.
The bolt of cold hits you!
The yaktaur shoots a bolt.
You block the bolt. The orc completely misses you.
Some of the chunks of flesh in your inventory have rotted away.
You take 42 damage, and have 125/181 hp.
MASSIVE DAMAGE!!
You closely miss the orc. You headbutt the orc.
The orc knight unwields an uncursed battleaxe.
The orc knight wields an arbalest.
The orc knight shoots a bolt.
You block the bolt.
The frost giant points at you and mumbles some strange words.
The bolt of cold misses you.
A great orb of eyes comes into view.
The great orb of eyes turns its gaze towards you.
You puncture the orc! You burn the orc.
You kill the orc!
The frost giant gestures at you while chanting.
The bolt of cold misses you.
You impale the orc priest!! You burn the orc priest.
You kill the orc priest!
Okawaru accepts your kill.
You sock the yaktaur! You burn the yaktaur! You block the orc priest's attack.
The orc knight roars a battlecry!
The orc priest goes into a battle-frenzy!
You bludgeon the yaktaur!! You burn the yaktaur!
You kill the yaktaur!
Okawaru accepts your kill. The orc priest closely misses you.
You sock the orc priest! You burn the orc priest.
You kill the orc priest!
Okawaru accepts your kill.
The orc knight shoots a bolt.
You block the bolt.
You hear a shout!
The great orb of eyes gazes at you.
You feel your power leaking away.
A deep elf mage comes into view. It is wielding a long sword.
Items here: ( )) † an arbalest; an uncursed spear; 8 bolts; an orc corpse You now have 30/33 mp.
The deep elf mage mumbles some strange words.
The deep elf mage blinks!
The orc knight unwields an uncursed arbalest.
The orc knight wields an uncursed battleaxe.
You block the orc knight's attack.
The frost giant points at you and mumbles some strange words.
The bolt of cold hits you!
You take 37 damage, and have 92/181 hp.
MASSIVE DAMAGE!!
You hit the orc knight. You burn the orc knight.
The orc knight closely misses you.
You hit the orc knight but do no damage.
The deep elf mage casts a spell at you. The shard of ice hits you!
The frost giant points at you and mumbles some strange words.
The bolt of cold hits you!
You take 37 damage, and have 56/181 hp.
MASSIVE DAMAGE!!
You puncture the frost giant! You burn the frost giant.
You headbutt the frost giant.
The great orb of eyes closely misses you.
You furiously retaliate!
You headbutt the great orb of eyes. You block the orc knight's attack.
The deep elf mage misses you.
You hit the frost giant. You burn the frost giant.
You block the frost giant's attack.
You bludgeon the frost giant!! You burn the frost giant.
Your headbutt misses the frost giant. The great orb of eyes gazes at you.
You suddenly lose the ability to move!
The deep elf mage hits you but does no damage.
The orc knight hits you with an uncursed battleaxe.
* * * LOW HITPOINT WARNING * * *
The frost giant hits you but does no damage.
The great orb of eyes bites you but does no damage.
The deep elf mage hits you but does no damage.
The orc knight barely misses you. The frost giant casts a spell at you.
The bolt of cold hits you!
* * * LOW HITPOINT WARNING * * *
The great orb of eyes bites you but does no damage.
The deep elf mage hits you but does no damage.
The great orb of eyes bites you but does no damage.
The orc knight hits you but does no damage.
The frost giant points at you and mumbles some strange words.
Helpless, you fail to dodge the bolt of cold.
* * * LOW HITPOINT WARNING * * *
The frost giant hits you with a battleaxe of freezing!
* * * LOW HITPOINT WARNING * * *
The frost giant freezes you.
You die...

#).# #))# #..# ..
#..# #########'#
#..# #......#...
#..# #......'.
#..# #......#
#..# #.oeG.%#
#..# #..@C..#
#..# #..))..#
#..# #...(..#
#..# #......#
#..######'######
#................
#.........(......
#................
#################


You could see a frost giant, an orc knight, a great orb of eyes and a deep elf
mage.

Vanquished Creatures
  Vashnia (Snake:4)
  A Brimstone Fiend (Vaults:1)
  A kraken (Shoals:4)
  Agnes (D:14)
  7 nagarajas
  Ilsuiw (Shoals:4)
  3 vault wardens
  Aizul (Snake:1)
  2 ironheart preservers (Vaults:1)
  A stone giant (Vaults:2)
  Nessos (Lair:5)
  2 deep elf demonologists (Vaults:1)
  2 merfolk javelineers
  The ghost of Pestilence the Cleaver, a journeyman MiFi of Nemelex Xobeh (D:11)
  2 ettins
  Josephine (D:11)
  4 yaktaur captains (Vaults:1)
  A minotaur (Lab)
  8 merfolk impalers
  The ghost of rgaf the Cleaver, a journeyman NaFi of Gozag (Lair:1)
  A great orb of eyes (Vaults:1)
  Harold (D:12)
  6 hydras
  5 catoblepae
  2 vault guards (Vaults:1)
  2 centaur warriors
  10 naga warriors
  Erolcha (D:9)
  An alligator snapping turtle (Shoals:4)
  8 anacondas
  4 tengu warriors (D:14)
  5 ogre magi
  The ghost of DanDi the Grappler, a novice TrBe of Trog (D:11)
  A death knight (D:11)
  22 two-headed ogres
  Erica (Orc:1)
  3 merfolk avatars
  5 merfolk aquamancers
  Urug (D:15)
  21 naga sharpshooters
  5 death yaks (Lair:6)
  Sonja (Lair:3)
  14 shock serpents
  Nergalle (Orc:2)
  6 deep elf knights
  A shadow wraith (Vaults:1)
  A hell knight (D:15)
  A salamander mystic (Snake:2)
  5 sea snakes
  4 unseen horrors
  3 ironbrand convokers (Vaults:1)
  8 naga ritualists
  5 deep elf magi
  12 mana vipers
  4 wizards
  9 orc knights
  28 ugly things
  7 salamanders
  10 orc sorcerers
  11 cyclopes
  15 fauns
  Maurice (D:9)
  13 manticores
  22 naga magi
  A water nymph (shapeshifter) (Vaults:1)
  5 elephants (Lair:4)
  5 water nymphs
  12 merfolk sirens
  39 black mambas
  2 guardian serpents
  4 orange demons (D:15)
  A gargoyle (D:14)
  11 spiny frogs
  Joseph (D:9)
  2 vault sentinels (Vaults:1)
  2 rime drakes
  A redback zombie (D:15)
  17 yaktaurs
  9 komodo dragons
  4 freezing wraiths
  3 tengu conjurers
  A queen bee (Lair:3)
  9 trolls
  A polar bear (shapeshifter) (Vaults:1)
  4 wind drakes
  Grinder (D:6)
  7 blink frogs (Lair:6)
  A troll (shapeshifter) (Vaults:1)
  45 merfolk
  A blink frog (shapeshifter) (Vaults:1)
  8 slime creatures (Vaults:1)
  6 dream sheep
  17 hippogriffs
  11 snapping turtles
  2 spriggans
  2 wyverns
  A vampire (D:11)
  45 yaks
  6 water elementals
  A hungry ghost (D:14)
  2 fire bats (Volcano)
  6 wraiths
  A human (shapeshifter) (D:14)
  2 vampire mosquitoes (D:13)
  6 basilisks
  6 wargs
  A steam dragon (D:11)
  Menkaure (D:7)
  8 insubstantial wisps (D:13)
  58 nagas
  A soldier ant (D:15)
  2 acid dragons
  9 water moccasins
  6 porcupines
  2 eyes of draining
  27 orc warriors
  A sky beast (D:5)
  3 black bears
  An ice beast (D:10)
  2 necrophages
  5 phantoms
  10 wolves
  12 ogres
  6 centaurs
  10 crocodiles
  2 big kobolds
  18 bullfrogs
  A gnoll sergeant (D:6)
  A wyvern skeleton (D:6)
  6 scorpions
  18 killer bees
  3 howler monkeys
  9 wights
  An electric eel (Lair:5)
  5 crimson imps
  4 bullfrog zombies
  4 centaur zombies
  7 centaur skeletons
  9 hounds
  3 jellies
  15 orc priests
  45 orc wizards
  3 bullfrog skeletons
  Jessica (D:3)
  Terence (D:2)
  5 iguanas
  12 worker ants
  A howler monkey zombie (D:10)
  A worker ant zombie (D:11)
  13 gnolls
  13 adders
  2 shadow imps
  4 adder zombies
  3 adder skeletons
  4 worms
  7 leopard geckos
  95 orcs
  2 ball pythons
  11 bats
  3 giant cockroaches
  8 goblins
  7 hobgoblins
  14 jackals
  2 quokkas
  3 frilled lizards
  A jackal zombie (D:6)
  18 kobolds
  10 rats
  A fungus (Lair:6)
  A plant (Lair:6)
1203 creatures vanquished.

Vanquished Creatures (others)
  2 merfolk javelineers (Shoals:4)
  A yaktaur captain (Vaults:1)
  A naga sharpshooter (Snake:3)
  An orc sorcerer (D:15)
  A guardian serpent (Snake:4)
  3 yaktaurs (Vaults:1)
  4 centaurs (D:14)
  2 ball lightnings (D:13)
  An orc (D:15)
  4 fungi
  11 plants
  8 tentacles (Shoals:4)
  4 toadstools (D:1)
43 creatures vanquished.

Grand Total: 1246 creatures vanquished

Notes
Turn   | Place    | Note
-------+----------+-------------------------------------------
     0 | D:1      | Firecrotchwizard the Minotaur Fighter began the quest for the Orb.
     0 | D:1      | Reached XP level 1. HP: 19/19 MP: 0/0
    45 | D:1      | Reached XP level 2. HP: 14/26 MP: 1/1
    51 | D:1      | Reached skill level 4 in Shields
   601 | D:1      | Reached skill level 4 in Armour
   604 | D:1      | Reached XP level 3. HP: 33/33 MP: 2/2
   760 | D:2      | Noticed Terence
   787 | D:2      | Killed Terence
   787 | D:2      | Reached skill level 4 in Fighting
   787 | D:2      | Reached skill level 3 in Maces & Flails
   798 | D:2      | Found a stormy altar of Qazlal.
   798 | D:2      | Noticed a water elemental
   808 | D:2      | Noticed an air elemental
   808 | D:2      | Noticed a fire elemental
   808 | D:2      | Noticed an earth elemental
   853 | D:2      | Reached XP level 4. HP: 40/40 MP: 3/3
   914 | D:2      | Noticed a moth of wrath
   917 | D:2      | Found a bloodstained altar of Trog.
  1122 | D:2      | Found a sacrificial altar of Ru.
  1167 | D:2      | Found a shimmering altar of Xom.
  1176 | D:2      | Found a burning altar of Makhleb.
  1700 | D:3      | Noticed an ogre
  1707 | D:3      | Killed an ogre
  1707 | D:3      | Reached skill level 4 in Maces & Flails
  1707 | D:3      | Reached skill level 5 in Shields
  1707 | D:3      | Reached XP level 5. HP: 30/47 MP: 4/4
  2202 | D:3      | Noticed Jessica
  2208 | D:3      | Killed Jessica
  2316 | D:3      | Found a deep blue altar of Sif Muna.
  2474 | D:4      | Reached XP level 6. HP: 53/53 MP: 5/5
  2486 | D:4      | Reached skill level 5 in Maces & Flails
  2725 | D:4      | Found a shattered altar of Ashenzari.
  2733 | D:4      | Found a snail-covered altar of Cheibriados.
  2785 | D:4      | Reached skill level 5 in Fighting
  2785 | D:4      | Reached skill level 5 in Armour
  3048 | D:5      | Entered Level 5 of the Dungeon
  3145 | D:5      | Found a staircase to the Ecumenical Temple.
  3152 | Temple   | Entered the Ecumenical Temple
  3298 | Temple   | Became a worshipper of Warmaster Okawaru
  3533 | D:5      | Reached skill level 6 in Maces & Flails
  3533 | D:5      | Reached XP level 7. HP: 61/61 MP: 6/6
  3691 | D:5      | Reached skill level 6 in Shields
  4052 | D:6      | Reached * piety under Okawaru
  4110 | D:6      | Reached skill level 7 in Maces & Flails
  4133 | D:6      | Reached skill level 6 in Fighting
  4151 | D:6      | Reached XP level 8. HP: 64/70 MP: 7/7
  4194 | D:6      | Found a shadowy altar of Dithmenos.
  4447 | D:6      | Reached skill level 6 in Armour
  4798 | D:6      | Got a shimmering falchion
  4845 | D:6      | Reached skill level 8 in Maces & Flails
  4976 | D:6      | Reached skill level 7 in Shields
  5029 | D:6      | Noticed Grinder
  5041 | D:6      | Paralysed by Grinder for 3 turns
  5051 | D:6      | Killed Grinder
  5051 | D:6      | Reached ** piety under Okawaru
  5408 | D:7      | Reached skill level 7 in Fighting
  5686 | D:7      | Reached skill level 9 in Maces & Flails
  5686 | D:7      | Reached skill level 7 in Armour
  5752 | D:7      | Found a hazy altar of Hepliaklqana.
  6174 | D:7      | Noticed Menkaure
  6200 | D:7      | Killed Menkaure
  6200 | D:7      | Reached XP level 9. HP: 70/79 MP: 8/8
  6787 | D:8      | Reached skill level 10 in Maces & Flails
  6787 | D:8      | Reached skill level 8 in Shields
  6858 | D:8      | Found Xytyuf's Antique Armour Shop.
  6859 | D:8      | Noticed a troll
  6864 | D:8      | Killed a troll
  6953 | D:8      | Reached *** piety under Okawaru
  7004 | D:8      | Reached skill level 8 in Fighting
  7014 | D:8      | Found Wofez's Antique Weapon Shoppe.
  7162 | D:8      | Found Isuanun's Assorted Antiques.
  7176 | D:8      | Found Akhusurro's Antique Armour Emporium.
  7228 | D:8      | Noticed a two-headed ogre
  7230 | D:8      | You fall through a shaft!
  7245 | D:9      | Reached skill level 8 in Armour
  7356 | D:8      | Killed a two-headed ogre
  7356 | D:8      | Reached skill level 11 in Maces & Flails
  7356 | D:8      | Reached XP level 10. HP: 78/90 MP: 6/9
  7488 | D:8      | Found Zerhess's Jewellery Boutique.
  7577 | D:9      | Noticed Maurice
  7633 | D:9      | Killed Maurice
  7633 | D:9      | Reached **** piety under Okawaru
  7633 | D:9      | Reached skill level 9 in Shields
  7646 | D:9      | Noticed a two-headed ogre
  7659 | D:9      | Killed a two-headed ogre
  7659 | D:9      | Reached skill level 9 in Fighting
  7869 | D:9      | Noticed Erolcha
  7910 | D:9      | Killed Erolcha
  7910 | D:9      | Reached skill level 12 in Maces & Flails
  7910 | D:9      | Reached skill level 9 in Armour
  7942 | D:9      | Reached ***** piety under Okawaru
  7998 | D:9      | Noticed Joseph
  8026 | D:9      | Killed Joseph
  8468 | D:9      | Reached XP level 11. HP: 94/99 MP: 10/10
  8726 | D:9      | Received a gift from Okawaru
  8726 | D:9      | Reached skill level 13 in Maces & Flails
  8726 | D:9      | Reached skill level 10 in Shields
  8878 | D:10     | Entered Level 10 of the Dungeon
  8895 | D:10     | Reached skill level 10 in Fighting
  9406 | D:10     | Got a translucent scale mail
  9433 | D:10     | Identified the cursed +1 scale mail of Baldness {*Drain +Fly Int+4} (You found it on level 10 of the Dungeon)
  9795 | D:11     | Noticed Josephine
  9812 | D:11     | Killed Josephine
  9812 | D:11     | Received a gift from Okawaru
  9812 | D:11     | Reached skill level 10 in Armour
  9817 | D:11     | Reached ****** piety under Okawaru
  9869 | D:11     | Noticed Pestilence's ghost (journeyman MiFi)
  9954 | D:11     | Killed Pestilence's ghost
 10420 | D:11     | Noticed a purple ugly thing
 10450 | D:11     | Killed a purple ugly thing
 10450 | D:11     | Reached skill level 14 in Maces & Flails
 10535 | D:11     | Noticed DanDi's ghost (novice TrBe)
 10561 | D:11     | HP: 21/101 [DanDi's ghost (7)]
 10562 | D:11     | Killed DanDi's ghost
 10562 | D:11     | Reached skill level 11 in Shields
 10912 | D:11     | Noticed a death knight
 10945 | D:11     | Killed a death knight
 10945 | D:11     | Received a gift from Okawaru
 10945 | D:11     | Reached skill level 11 in Fighting
 10980 | D:11     | Reached XP level 12. HP: 45/110 MP: 11/11
 11060 | D:11     | HP: 22/110 [cyclops (18)]
 11062 | D:11     | Reached skill level 11 in Armour
 11517 | D:11     | Noticed a two-headed ogre
 11523 | D:11     | Killed a two-headed ogre
 11647 | D:11     | Found a staircase to the Lair.
 11843 | D:12     | Noticed Harold
 11856 | D:12     | Killed Harold
 11856 | D:12     | Reached skill level 12 in Shields
 12014 | Lair:1   | Entered Level 1 of the Lair of Beasts
 12020 | Lair:1   | Received a gift from Okawaru
 12088 | Lair:1   | Noticed rgaf's ghost (journeyman NaFi)
 12127 | Lair:1   | Killed rgaf's ghost
 12242 | Lair:1   | Reached skill level 15 in Maces & Flails
 12395 | Lair:1   | Noticed a seven-headed hydra
 12441 | Lair:1   | Killed a seven-headed hydra
 12617 | Lair:1   | Reached skill level 13 in Shields
 13022 | Lair:2   | Reached skill level 1 in Invocations
 13353 | Lair:2   | Reached skill level 2 in Invocations
 13673 | Lair:3   | Noticed Sonja
 13691 | Lair:3   | Killed Sonja
 13691 | Lair:3   | Received a gift from Okawaru
 13866 | Lair:3   | Found a staircase to the Shoals.
 13869 | Lair:3   | Reached skill level 3 in Invocations
 13874 | Lair:3   | Reached skill level 14 in Shields
 13947 | Lair:3   | Reached XP level 13. HP: 116/116 MP: 14/14
 14779 | Lair:4   | Reached skill level 4 in Invocations
 15130 | Lair:4   | Found a staircase to the Snake Pit.
 15254 | Lair:4   | Reached skill level 16 in Maces & Flails
 15303 | Lair:4   | Reached skill level 15 in Shields
 15375 | Lair:4   | Received a gift from Okawaru
 15401 | Lair:4   | Reached skill level 5 in Invocations
 15455 | Lair:4   | Reached skill level 1 in Dodging
 15818 | Lair:5   | Reached skill level 2 in Dodging
 15974 | Lair:5   | Noticed Nessos
 15998 | Lair:5   | Reached skill level 3 in Dodging
 16002 | Lair:5   | Killed Nessos
 16216 | Lair:5   | Reached skill level 4 in Dodging
 16814 | Lair:6   | Entered Level 6 of the Lair of Beasts
 16815 | Lair:6   | Found a viscous altar of Jiyva.
 16817 | Lair:6   | Found a staircase to the Slime Pits.
 16979 | Lair:6   | Reached skill level 5 in Dodging
 17093 | Lair:6   | Reached skill level 6 in Invocations
 17118 | Lair:6   | Reached XP level 14. HP: 125/125 MP: 17/17
 17186 | Lair:6   | Found a dark tunnel.
 17195 | Volcano  | Entered a volcano
 17611 | Lair:6   | Reached skill level 12 in Fighting
 17630 | Lair:6   | Reached skill level 6 in Dodging
 17823 | Lair:6   | Received a gift from Okawaru
 17994 | Lair:6   | Reached skill level 12 in Armour
 18515 | Lair:6   | Reached skill level 7 in Dodging
 19166 | D:12     | Found a staircase to the Orcish Mines.
 19506 | Orc:1    | Entered Level 1 of the Orcish Mines
 19515 | Orc:1    | Reached skill level 8 in Dodging
 19539 | Orc:1    | Reached skill level 7 in Invocations
 19674 | Orc:2    | Entered Level 2 of the Orcish Mines
 19674 | Orc:2    | Found a staircase to the Elven Halls.
 19724 | Orc:2    | Found a roughly hewn altar of Beogh.
 19757 | Orc:2    | Found a roughly hewn altar of Beogh.
 20018 | Orc:2    | Received a gift from Okawaru
 20168 | Orc:2    | Found a roughly hewn altar of Beogh.
 20270 | Orc:2    | Found Wurhunn's Book Emporium.
 20328 | Orc:2    | Found Kegearaemp's Distillery.
 20510 | Orc:2    | Found an ancient bone altar of Kikubaaqudgha.
 20513 | Orc:2    | Noticed Nergalle
 20528 | Orc:2    | Killed Nergalle
 20568 | Orc:2    | Reached skill level 9 in Dodging
 20583 | Orc:2    | Reached skill level 13 in Fighting
 20621 | Orc:2    | Found a roughly hewn altar of Beogh.
 20656 | Orc:2    | Found Hep Egh's Antique Armour Emporium.
 20672 | Orc:2    | Found Qeint's Antique Weapon Shoppe.
 20694 | Orc:2    | Bought a pair of faintly humming gloves for 285 gold pieces
 20694 | Orc:2    | Bought the +3 warlock's mirror {reflect} for 1200 gold pieces
 20699 | Orc:2    | Identified the +0 pair of gloves "Inimionu" {MR+ Int+8 Dex-3} (You bought it in a shop on level 2 of the Orcish Mines)
 20724 | Orc:2    | Found a radiant altar of Vehumet.
 21209 | Orc:1    | Noticed Erica
 21225 | Orc:1    | Killed Erica
 21282 | Orc:1    | HP: 22/129 [orc knight/dire flail (21)]
 21284 | Orc:1    | HP: 7/129 [orc knight/dire flail (16)]
 21301 | Orc:1    | Received a gift from Okawaru
 21855 | D:13     | Reached skill level 13 in Armour
 22084 | D:13     | Reached XP level 15. HP: 136/136 MP: 19/19
 22086 | D:13     | Got an ancient scale mail
 22303 | D:13     | Found a labyrinth entrance.
 22320 | Lab      | Entered a labyrinth
 22507 | Lab      | Identified the +1 scale mail "Weakk" {rC+ Dex+7} (You found it on level 13 of the Dungeon)
 22518 | Lab      | Identified the Guide on Boosts and the Frostbite
 22546 | Lab      | Identified a +0 pair of boots of running (You found it in a labyrinth)
 22673 | D:13     | Reached skill level 10 in Dodging
 23059 | D:14     | Got a heavily runed jade ring
 23061 | D:14     | Identified the ring of Etusch {+Inv MR- MP+9 EV+5 Dex+3} (You found it on level 14 of the Dungeon)
 23091 | D:14     | Reached skill level 8 in Invocations
 23185 | D:14     | Reached skill level 11 in Dodging
 23447 | D:14     | Found Difinkett's Antique Weapon Boutique.
 23486 | D:14     | Found a corrupted altar of Lugonu.
 23542 | D:14     | Reached skill level 12 in Dodging
 23803 | D:14     | Found a gate to the Vaults.
 23855 | D:15     | Entered Level 15 of the Dungeon
 23855 | D:15     | Noticed Urug
 23860 | D:15     | Noticed Agnes
 23906 | D:14     | Killed Agnes
 24035 | D:15     | Killed Urug
 24035 | D:15     | Received a gift from Okawaru
 24035 | D:15     | Reached skill level 14 in Fighting
 24154 | D:15     | Found a staircase to the Depths.
 24164 | D:15     | Reached skill level 13 in Dodging
 24377 | D:15     | Reached skill level 14 in Armour
 24391 | D:15     | Received a gift from Okawaru
 24683 | D:15     | Reached skill level 9 in Invocations
 24876 | Shoals:1 | Entered Level 1 of the Shoals
 24953 | Shoals:1 | Found Ceimo's Food Emporium.
 25596 | Shoals:2 | Reached skill level 14 in Dodging
 25623 | Shoals:2 | Reached XP level 16. HP: 54/147 MP: 21/21
 25633 | Shoals:2 | Received a gift from Okawaru
 26036 | Shoals:2 | You fall through a shaft!
 26114 | Shoals:3 | Got a bloodstained shortbow
 26283 | Shoals:2 | Identified a scroll of acquirement
 26448 | Shoals:2 | Found Loodibae's Antique Armour Shop.
 26737 | Shoals:2 | Reached skill level 15 in Dodging
 26943 | Shoals:2 | Reached skill level 15 in Fighting
 27052 | Shoals:3 | Found Ewourilu's Book Emporium.
 27104 | Shoals:3 | Found Tivuepp's Assorted Antiques.
 27164 | Shoals:3 | Bought a potion of heal wounds for 115 gold pieces
 27164 | Shoals:3 | Bought a scroll of identify for 46 gold pieces
 27164 | Shoals:3 | Bought a scroll of identify for 46 gold pieces
 27164 | Shoals:3 | Bought a scroll of identify for 46 gold pieces
 27164 | Shoals:3 | Bought a scroll of teleportation for 69 gold pieces
 27385 | Shoals:3 | Reached skill level 15 in Armour
 27415 | Shoals:3 | Found Zialacem's Jewellery Shop.
 27568 | Shoals:3 | Received a gift from Okawaru
 27577 | Shoals:3 | Found Zagh's Food Emporium.
 27679 | Shoals:4 | Entered Level 4 of the Shoals
 27754 | Shoals:4 | Noticed a kraken
 27857 | Shoals:4 | Killed a kraken
 28033 | Shoals:4 | Got a barnacled rune of Zot
 28382 | Shoals:4 | Reached skill level 16 in Dodging
 28422 | Shoals:4 | Noticed Ilsuiw
 28482 | Shoals:4 | Received a gift from Okawaru
 28482 | Shoals:4 | Killed Ilsuiw
 29159 | Shoals:4 | Found Edwor's Book Boutique.
 29287 | Shoals:4 | Identified the +3 plate armour "Mereecong" {Str+3 Dex+2 Slay+3} (You found it on level 4 of the Shoals)
 29380 | Shoals:4 | Reached skill level 16 in Fighting
 29381 | Shoals:4 | Reached skill level 16 in Armour
 29686 | Snake:1  | Entered Level 1 of the Snake Pit
 30089 | Snake:1  | Reached XP level 17. HP: 157/158 MP: 22/22
 31024 | Snake:1  | Reached skill level 17 in Dodging
 31281 | Snake:1  | Noticed Aizul
 31293 | Snake:1  | Killed Aizul
 31293 | Snake:1  | Received a gift from Okawaru
 31552 | Snake:2  | Reached skill level 1 in Evocations
 31812 | Snake:2  | Reached skill level 2 in Evocations
 32385 | Snake:2  | Received a gift from Okawaru
 32501 | Snake:2  | Reached skill level 3 in Evocations
 32688 | Snake:2  | Reached skill level 17 in Fighting
 33089 | Snake:3  | Reached skill level 17 in Armour
 33126 | Snake:3  | Reached skill level 4 in Evocations
 33397 | Snake:3  | Received a gift from Okawaru
 33551 | Snake:3  | Found a runed door.
 33604 | Snake:3  | HP: 30/161 [shock serpent/bolt of electricity (13)]
 34038 | Snake:4  | Entered Level 4 of the Snake Pit
 34061 | Snake:4  | Noticed Vashnia
 34379 | Snake:4  | Reached XP level 18. HP: 133/170 MP: 23/23
 34409 | Snake:4  | Killed Vashnia
 34409 | Snake:4  | Reached skill level 5 in Evocations
 34771 | Snake:4  | Found Faev's Jewellery Shop.
 34772 | Snake:4  | Found Eliklim's Gadget Emporium.
 34775 | Snake:4  | Found Efacluc's Jewellery Shop.
 34827 | Snake:4  | Received a gift from Okawaru
 34844 | Snake:4  | Got a slimy hat {god gift}
 34855 | Snake:4  | Identified the +1 hat "Xaituv" {Regen+ Stlth+} (Okawaru gifted it to you on level 4 of the Snake Pit)
 35720 | Snake:4  | Reached skill level 18 in Dodging
 35961 | Snake:4  | Reached skill level 6 in Evocations
 36050 | Snake:4  | Reached skill level 18 in Fighting
 36166 | Snake:4  | Got a serpentine rune of Zot
 36477 | Vaults:1 | Entered Level 1 of the Vaults
 36555 | Vaults:1 | Reached skill level 18 in Armour
 36971 | Vaults:1 | Noticed a Brimstone Fiend
 36980 | Vaults:1 | HP: 37/172 [???[the power of Zot] (28)]
 36990 | Vaults:1 | HP: 25/172 [???[the power of Zot] (17)]
 36995 | Vaults:1 | HP: 26/172 [???[the power of Zot] (18)]
 36997 | Vaults:1 | Killed a Brimstone Fiend
 36999 | Vaults:1 | Noticed a Tzitzimitl
 37010 | Vaults:1 | Received a gift from Okawaru
 37014 | Vaults:1 | HP: 32/172 [Tzitzimitl[an ironheart preserver] (20)]
 37022 | Vaults:1 | HP: 8/172 [Tzitzimitl/bolt of cold[an ironheart preserver] (55)]
 37025 | Vaults:1 | Noticed a Hell Sentinel
 37027 | Vaults:1 | HP: 6/172 [something][an ironheart preserver] (4)]
 37377 | Vaults:1 | Reached skill level 7 in Evocations
 37930 | Vaults:1 | Reached XP level 19. HP: 178/180 MP: 24/24
 38082 | Vaults:1 | Identified the cursed +3 morningstar of Freehold {crush, *Corrode rC+ MP+9} (You found it on level 1 of the Vaults)
 38269 | Vaults:1 | Noticed a Brimstone Fiend
 38721 | Vaults:2 | Reached skill level 8 in Evocations
 38761 | Vaults:2 | Paralysed by a great orb of eyes for 4 turns
 38763 | Vaults:2 | HP: 31/181 [frost giant/bolt of cold (25)]
 38765 | Vaults:2 | HP: 4/181 [frost giant/battleaxe of freezing (17)]
 38765 | Vaults:2 | Slain by a frost giant

Skill      XL: |  1  2  3  4  5  6  7  8  9 10 11 12 13 14 15 16 17 18 19 |
---------------+----------------------------------------------------------+-----
Shields        | 4 5 6 7 8 9 11 14 15 | 15.2
Armour         | 4 5 7 8 9 10 11 13 14 16 17 18 | 18.7
Fighting       | 4 5 6 7 8 9 11 13 14 16 17 18 | 18.8
Maces & Flails | 3 4 6 7 9 11 12 14 15 16 | 16.0
Invocations    | 3 6 7 9 |  9.0
Dodging        | 5 9 14 16 17 18 | 18.8
Evocations     | 4 7 8 |  8.0

Action                   |  1- 3 |  4- 6 |  7- 9 | 10-12 | 13-15 | 16-18 | 19-21 || total
-------------------------+-------+-------+-------+-------+-------+-------+-------++-------
Melee: Flail             |    89 |   157 |    69 |       |       |       |       ||   315
       Headbutt          |    10 |    30 |    74 |   188 |   452 |   576 |    40 ||  1370
       Whip              |       |       |   312 |   763 |  1581 |   964 |       ||  3620
       Demon whip        |       |       |       |    21 |   189 |   658 |       ||   868
       Eveningstar       |       |       |       |       |       |   602 |   165 ||   767
 Fire: Hunting sling     |       |       |       |     3 |       |       |       ||     3
Throw: Tomahawk          |       |       |    85 |    90 |    36 |       |       ||   211
       Javelin           |       |       |       |    33 |    85 |    28 |       ||   146
Invok: Heroism           |       |       |     1 |     4 |     2 |     5 |       ||    12
       Finesse           |       |       |       |       |       |     2 |       ||     2
  Use: Scroll            |     2 |     2 |     8 |     7 |    17 |    12 |     2 ||    50
       Potion            |       |     1 |       |     2 |     5 |     8 |       ||    16
 Stab: Petrified         |       |       |       |       |     4 |       |       ||     4
       Confused          |       |       |       |       |       |     1 |       ||     1
  Eat: Chunk             |       |     9 |    12 |    11 |     9 |     6 |       ||    47
       Royal jelly       |       |       |       |     5 |       |       |       ||     5
       Fruit             |       |       |       |       |    17 |     6 |     1 ||    24
       Meat ration       |       |       |       |       |     3 |     6 |       ||     9
Armor: Scale mail        |    38 |    22 |       |       |       |       |       ||    60
       Plate armour      |       |    57 |   137 |   189 |   137 |       |       ||   520
       Crystal plate arm |       |       |       |       |   425 |   588 |    51 ||  1064
Dodge: Dodged            |    28 |    29 |    40 |    89 |   451 |   866 |   135 ||  1638
Block: Shield            |    64 |    69 |    71 |   208 |   370 |   622 |    49 ||  1453
       Buckler           |       |       |    28 |    12 |   362 |   404 |    53 ||   859
       Reflection        |       |       |       |       |    33 |    67 |     7 ||   107

Vault maps used:
D:1:      ldierk_water_garden
D:2:      lemuel_round_altar, nicolae_ru_awakened_eye, xom_teletrap_fun,
          nicolae_qazlal_style_of_elements, first_bread, tgw_trog, uniq_terence
D:3:      grunt_decor_cap, led_sif_book, uniq_jessica
D:4:      amethyst_overflow_temple_binary, moated_statue
D:5:      temple_green
D:6:      nicolae_overflow_crystal_walls, uniq_grinder
D:7:      old_standard_altar, uniq_menkaure
D:8:      minmay_diamond_stairs, serial_shops, kennysheep_little_box,
          nicolae_shop_waterfront, nicolae_shop_behind_doors, shop_fountains,
          shop
D:9:      the_bakery, uniq_joseph, uniq_maurice, uniq_erolcha
D:11:     lair_entry_dummy, uniq_josephine
D:12:     orc_0_dummy, enter_bailey_2, hangedman_decor_points, uniq_harold
D:13:     lab_entry_generic, aerie_lemuel
D:14:     david_vaults_1, serial_shops, shop, minmay_staircase_bubble,
          tgw_lugonu_bribe
D:15:     hangedman_depths_entry_civil_slaughter,
          hangedman_abyss_or_decor_passed, einodemon_barbed_minivault,
          uniq_urug, uniq_agnes
Temple:   nicolae_temple_figure_eight
Lair:1:   nicolae_lair_grove_arrangements
Lair:3:   elwin_shoals_entry_stream, special_room, serial_bayou_shore_b,
          lemuel_fruit_fields, uniq_sonja
Lair:4:   guppyfry_snake_entry_garden, grunt_megastairs_5
Lair:5:   serial_bayou_ford_a, uniq_nessos
Lair:6:   evilmike_catoblepas_cave, slime_altar_1,
          lightli_volcano_entry_magma_tube, minivault_11,
          grunt_forest_large_clearing_hut
Shoals:1: serial_shops, shop, nicolae_shoals_this_corrosion
Shoals:2: serial_shops, shop_statue
Shoals:3: serial_shops, shop, shop, shop_fountains, shop
Shoals:4: shoals_end_hangedman, shoals_ilsuiw_alternative, serial_shops,
          nicolae_shop_behind_doors
Snake:1:  uniq_aizul
Snake:3:  cheibrodos_forgotten_conduit, lightli_airlock, serial_bayou_shore_b
Snake:4:  minmay_snake_end_coiled, minmay_shop_grove, uniq_vashnia
Orc:1:    uniq_erica
Orc:2:    kennysheep_orc_mage_school, basic_altar, nicolae_orc_flooded_monolith,
          hangedman_feature_mirror
Vaults:1: nicolae_vaults_rhombus_7, vaults_room_fancy_cross, v_misc_2,
          st_spiral_rooms, v_misc_25, v_misc_15, ontoclasm_vaults_shuriken,
          grunt_vaults_bifocal, nicolae_vaults_diagonal_hallway_8,
          ontoclasm_vaults_ring_large, v_misc_4, vaults_mumra_chevron_long,
          nicolae_vaults_three_branches, vaults_room_stairs_pillars
Vaults:2: nicolae_vaults_network_periphery, hangedman_vaults_stitches,
          nicolae_vaults_little_squares_3, hangedman_vaults_maws, st_more_cells
Lab:      labyrinth_watery
Volcano:  volcano_lake

Table legend:
 A = Turns spent in this place as a percentage of turns spent in the entire game.
 B = Non-inter-level travel turns spent in this place as a percentage of non-inter-level travel turns spent in the entire game.
 C = Inter-level travel turns spent in this place as a percentage of turns spent in this place.
 D = Turns resting spent in this place as a percentage of non-inter-level travel turns spent in this place.
 E = Turns spent auto-exploring this place as a percentage of non-inter-level travel turns spent in this place.
 F = Non-inter-level travel turns spent in this place divided by the number of levels of this place that you've seen.
                   A       B       C       D       E      F
               +-------+-------+-------+-------+-------+----------------------
         Total | 100.0 | 100.0 |   0.5 |   2.8 |   8.8 | 354.0
       Dungeon |  36.9 |  36.9 |   0.5 |   2.6 |  10.3 | 313.4
        Temple |   0.4 |   0.4 |   2.0 |   0.0 |  27.1 |  48.0
          Lair |  15.1 |  15.1 |   0.5 |   2.1 |   7.9 | 320.3
        Shoals |  15.0 |  15.0 |   0.4 |   1.9 |   7.5 | 478.2
     Snake Pit |  17.6 |  17.6 |   0.4 |   5.6 |   7.5 | 559.8
  Orcish Mines |   5.2 |   5.2 |   1.8 |   2.1 |  10.0 | 329.5
        Vaults |   7.5 |   7.6 |   0.1 |   2.0 |   8.9 | 483.0
     Labyrinth |   1.7 |   1.7 |   0.0 |   0.0 |   0.0 | 220.0
       Volcano |   0.6 |   0.6 |   0.0 |   0.0 |   2.7 |  75.0
               +-------+-------+-------+-------+-------+----------------------

Table legend:
 A = Kills in this place as a percentage of kills in entire the game.
 B = Kills by you in this place as a percentage of kills by you in the entire game.
 C = Kills by friends in this place as a percentage of kills by friends in the entire game.
 D = Other kills in this place as a percentage of other kills in the entire game.
 E = Experience gained in this place as a percentage of experience gained in the entire game.
 F = Experience gained in this place divided by the number of levels of this place that you have seen.
                   A       B       C       D       E      F
               +-------+-------+-------+-------+-------+----------------------
         Total | 100.0 | 100.0 |  -nan | 100.0 | 100.0 | 11152.7
       Dungeon |  38.0 |  38.0 |  -nan |  38.5 |  17.3 | 4624.9
          Lair |  14.7 |  14.8 |  -nan |   0.0 |  13.6 | 9130.5
        Shoals |  11.9 |  11.8 |  -nan |  15.4 |  17.4 | 17431.8
     Snake Pit |  16.7 |  16.7 |  -nan |  15.4 |  29.2 | 29339.0
  Orcish Mines |   7.9 |   8.0 |  -nan |   0.0 |   4.5 | 8942.0
        Vaults |  10.6 |  10.4 |  -nan |  30.8 |  17.7 | 35466.5
     Labyrinth |   0.1 |   0.1 |  -nan |   0.0 |   0.3 | 1058.0
       Volcano |   0.2 |   0.2 |  -nan |   0.0 |   0.1 | 383.0
               +-------+-------+-------+-------+-------+----------------------
